cohdb
Replays
Latest Replays
All Replays
Popular Replays
Top Player Replays
Match Explorer
How It Works
Community
CoH3 Stats
Reddit
Sign in to upload your games and track your stats! →
Sign in with Steam
Match 42137293
Unlisted
Match 42137293
Overview
Messages
Build Orders
End
Pioneer Squad
Pioneer Squad
Construct Infanterie Kompanie
Selects Terror Battlegroup
Selects Machine Gun Camouflage
MG 42 Machine Gun Team
MG 42 Machine Gun Team
Grenadier Squad
Grenadier Squad
Infanterie Officer Quarters
Construct Panzergrenadier Kompanie
Pak 40 Anti-tank Gun Team
Support Elements
StuG III G Assault Gun
Nebelwerfer 42 Rocket Launcher Team
Selects Defend the Fatherland
Panzergrenadier Officer Quarters
StuG III G Assault Gun
Pioneer Squad
StuG III G Assault Gun
Side Skirts
Nebelwerfer 42 Rocket Launcher Team
Dave
Andrax
1st SubStar
aion907(ROK)
0
0
Comments
sign in to comment!
No comments posted yet!